 Dungeon Crawl Stone Soup version 0.29-a0-344-ge2f44be95a (webtiles) character file.

Game seed: 8181103647342910014

607 thiscave3701365 the Chopper (level 7, 0/53 (62) HPs)
             Began as a Minotaur Berserker on Apr 21, 2022.
             Was a Believer of Trog.
             Slain by Edmund
             ... wielding a +2 dire flail of draining
              (2 damage)
             ... on level 5 of the Dungeon.
             The game lasted 00:06:46 (4360 turns).

thiscave3701365 the Chopper (Minotaur Berserker)    Turns: 4360, Time: 00:06:47

HP:   0/53 (62)     AC:  4    Str: 23    XL:     7   Next: 19%
MP:   6/6           EV: 13    Int:  4    God:    Trog [**....]
Gold: 194           SH:  0    Dex: 10    Spells: 6/6 levels left

rFire   . . .      SeeInvis .   a - +0 hand axe
rCold   . . .      Faith    .   (no shield)
rNeg    . . .      Spirit   .   b - +0 animal skin
rPois   .          Reflect  .   (helmet restricted)
rElec   .          Harm     .   p - +0 cloak
rCorr   .          Rampage  .   (no gloves)
Will    .....                   o - +0 pair of boots
Stlth   ++........              (no amulet)
HPRegen 0.17/turn               (no ring)
MPRegen 0.10/turn               (no ring)

@: on berserk cooldown, heavily drained
A: horns 2, retaliatory headbutt
a: Renounce Religion, Berserk, Trog's Hand


You were on level 5 of the Dungeon.
You worshipped Trog.
Trog was pleased with you.
You visited 1 branch of the dungeon, and saw 5 of its levels.

You collected 194 gold pieces.

Inventory:

Hand Weapons
 a - a +0 hand axe (weapon)
Armour
 b - a +0 animal skin (worn)
 o - a +0 pair of boots (worn)
 p - a +0 cloak (worn)
Jewellery
 q - a ring of fire
 u - a ring of poison resistance
 x - an amulet of regeneration
Scrolls
 c - a scroll of noise {unknown}
 d - 3 scrolls of torment {unknown}
 e - a scroll of fear {unknown}
 f - 9 scrolls of identify {unknown}
 i - 2 scrolls of vulnerability {unknown}
 k - a scroll of fog {unknown}
 n - a scroll of enchant weapon {unknown}
 r - a scroll of magic mapping {unknown}
 v - 2 scrolls of amnesia {unknown}
Potions
 g - 2 potions of lignification {unknown}
 h - 2 potions of heal wounds {unknown}
 j - a potion of might {unknown}
 l - 3 potions of degeneration {unknown}
 m - a potion of cancellation {unknown}
 s - a potion of invisibility {unknown}
 t - a potion of brilliance {unknown}
 w - a potion of mutation {unknown}


   Skills:
 + Level 5.7 Fighting
 + Level 7.1 Axes
 + Level 3.5 Armour
 + Level 4.2 Dodging
 + Level 1.5 Stealth


You had 6 spell levels left.
You didn't know any spells.
Your spell library was empty.

Dungeon Overview and Level Annotations

Branches:
Dungeon (5/15)
 Temple: D:4-7

Altars:
Uskayaw

Annotations:
D:5 Edmund


Innate Abilities, Weirdness & Mutations

You have a pair of horns on your head.
You reflexively headbutt those who attack you in melee.


Message History

Edmund closely misses you. You furiously retaliate!
You headbutt Edmund, but do no damage.
Edmund is nearby!
You hit Edmund. Your headbutt misses Edmund.
Edmund is heavily wounded.
Edmund hits you with a +2 dire flail of draining.
You feel drained.
Unknown command.
Edmund is nearby!
You are too injured to fight recklessly!
Edmund is nearby!
You are too injured to fight recklessly!
Edmund is nearby!
You are too injured to fight recklessly!
Edmund is nearby!
You are too injured to fight recklessly!
Edmund is nearby!
You are too injured to fight recklessly!
Unknown command.
Edmund is nearby!
You are too injured to fight recklessly!
Unknown command.
Edmund is nearby!
You're still recovering from your berserk rage.
You are too injured to fight recklessly!
Unknown command.
You are too injured to fight recklessly!
You're still recovering from your berserk rage.
Edmund hits you but does no damage.
You feel drained.
You slash Edmund! You headbutt Edmund.
Edmund is almost dead.
Edmund hits you with a +2 dire flail of draining!
You feel drained.
* * * LOW HITPOINT WARNING * * *
You barely miss Edmund.
Edmund is almost dead.
Edmund hits you with a +2 dire flail of draining!
* * * LOW HITPOINT WARNING * * *
You feel drained.
You die...

...................#.#
##.......##........#
#.......#####<.####
#.......# #..#
####.#### #..#####.
#.# #........ #.#
#...###### ##.# #.....
#@@# #....... #....#
#........< ...<.....
+.........+ ####[...##
#........:# ##..##
##.......## #.# .. #..


You could see Edmund.

Vanquished Creatures
  The ghost of zishaf the Sneak, an amateur VSBr (D:3)
  An ogre (D:4)
  A bullfrog (D:4)
  2 scorpions
  Natasha (thrice) (D:4)
  9 adders
  A white imp (D:3)
  5 worms
  2 orcs (D:3)
  6 endoplasms
  3 giant cockroaches
  6 goblins
  6 hobgoblins
  4 jackals
  2 quokkas
  5 ball pythons
  5 bats
  3 frilled lizards
  5 kobolds
  5 rats
75 creatures vanquished.

Notes
Turn   | Place    | Note
-------+----------+-------------------------------------------
     0 | D:1      | thiscave3701365 the Minotaur Berserker began the quest for
                  | the Orb.
     0 | D:1      | Reached XP level 1. HP: 19/19 MP: 0/0
   119 | D:1      | Reached XP level 2. HP: 21/27 MP: 1/1
   805 | D:2      | Reached skill level 4 in Axes
   821 | D:2      | Reached XP level 3. HP: 33/33 MP: 2/2
   977 | D:2      | Found a hide-covered altar of Uskayaw.
  1126 | D:2      | Reached ** piety under Trog
  1242 | D:2      | Reached XP level 4. HP: 38/41 MP: 3/3
  2509 | D:3      | Noticed a scorpion
  2521 | D:3      | Killed a scorpion
  2522 | D:3      | Reached skill level 5 in Axes
  2522 | D:3      | Reached XP level 5. HP: 37/47 MP: 4/4
  2723 | D:3      | Found a runed translucent door.
  2794 | D:3      | Found a faded altar of an unknown god.
  3148 | D:3      | Noticed zishaf's ghost (amateur VSBr)
  3157 | D:3      | Reached skill level 5 in Fighting
  3159 | D:3      | Killed zishaf's ghost
  3160 | D:3      | Reached XP level 6. HP: 56/56 MP: 5/5
  3372 | D:4      | Reached skill level 6 in Axes
  3372 | D:4      | Reached skill level 1 in Stealth
  3641 | D:4      | Noticed Natasha
  3648 | D:4      | Killed Natasha
  3934 | D:4      | Noticed Natasha
  3943 | D:4      | Killed Natasha
  3944 | D:4      | Reached XP level 7. HP: 61/61 MP: 6/6
  4102 | D:4      | Noticed Natasha
  4107 | D:4      | Killed Natasha
  4294 | D:5      | Entered Level 5 of the Dungeon
  4316 | D:5      | Reached skill level 7 in Axes
  4349 | D:5      | Noticed Edmund
  4360 | D:5      | HP: 2/55 [Edmund/+2 dire flail of draining (11)]
  4360 | D:5      | Slain by Edmund

Illustrated notes

Levels and vault maps discovered:
D:1:      dpeg_arrival_ternary, layout_rooms, minmay_misc_feat_diagonals
D:2:      layout_basic, basic_altar, minmay_tall_x
D:3:      layout_basic, ebering_ghost_sewer_d, ebering_ecumenical_altar_mist,
          kennysheep_generic_room_6
D:4:      layout_rooms, uniq_natasha
D:5:      layout_loops_corners, kennysheep_minor_cross, minmay_misc_feat_square,
          fountainhead, uniq_edmund, uniq_duvessa, uniq_eustachio

Skill      XL: |  1  2  3  4  5  6  7 |
---------------+----------------------+-----
Axes           | 4 5 6 7 |  7.1
Fighting       | 4 5 |  5.7
Armour         | 3 |  3.5
Dodging        | 3 4 |  4.2
Stealth        | 1 |  1.5

Action                   |  1- 3 |  4- 6 |  7- 9 || total
-------------------------+-------+-------+-------++-------
Melee: Hand axe          |    71 |    97 |    16 ||   184
       Headbutt          |     8 |    13 |     3 ||    24
       Punch             |       |     2 |       ||     2
Invok: Berserk           |     1 |     4 |     1 ||     6
Armor: Animal skin       |    12 |    16 |     1 ||    29
Dodge: Dodged            |    45 |    51 |    11 ||   107

Table legend: (Time is in decaauts)
 A = Elapsed time spent in this place.
 B = Non-inter-level travel time spent in this place.
 C = Inter-level travel time spent in this place.
 D = Time resting spent in this place.
 E = Time spent auto-exploring this place.
 F = Levels seen in this place.
 G = Mean time per level.
                   A        B        C        D        E       F      G
               +--------+--------+--------+--------+--------+-----+--------+
         Total |   4445 |   4145 |    300 |    640 |   3036 |   5 |  889.0 |
       Dungeon |   4445 |   4145 |    300 |    640 |   3036 |   5 |  889.0 |
               +--------+--------+--------+--------+--------+-----+--------+

Top non-repeatable levels by time:
     D:2: 1495 daAuts
     D:3: 1081 daAuts
     D:4: 955 daAuts
     D:1: 836 daAuts
     D:5: 77 daAuts
